 Dungeon Crawl Stone Soup version 0.31.0-11-ge490571c62 (webtiles) character file.

Game seed: 10590098389792373624

3304 qw the Skirmisher (level 9, 0/54 HPs)
             Began as a Deep Elf Hunter on Feb 4, 2024.
             Was a Follower of Okawaru.
             Slain by a black bear (3 damage)
             ... on level 7 of the Dungeon.
             The game lasted 00:00:28 (4896 turns).

qw the Skirmisher (Deep Elf Hunter)                 Turns: 4896, Time: 00:00:29

Health: 0/54       AC: 12    Str: 12    XL:     9   Next: 70%
Magic:  12/12      EV: 16    Int: 15    God:    Okawaru [*.....]
Gold:   53         SH:  0    Dex: 22    Spells: 8/8 levels left

rFire   . . .        b - +5 sling of Okawaru's Condemnation {heavy, ^Fragile rPois Will+++ Dex-2}
rCold   + . .        (no shield)
rNeg    . . .        i - +2 scale mail {rC+}
rPois   +            d - +1 helmet
rElec   .            (no cloak)
rCorr   .            (no gloves)
SInv    .            (no boots)
Will    +++..        e - amulet of Vitality {RegenMP++ Regen++}
Stlth   +            g - +6 ring of dexterity
HPRegen 1.89/turn    (no ring)
MPRegen 0.93/turn

%: no passive effects
@: heroic, very slow
A: no striking features
a: Renounce Religion, Heroism


You were on level 7 of the Dungeon.
You worshipped Okawaru.
Okawaru was aware of your devotion.
You visited 2 branches of the dungeon, and saw 8 of its levels.

You collected 390 gold pieces.
You spent 337 gold pieces at shops.


   Skills:
 - Level 5.0(10.0) Fighting
 - Level 14.2(19.2) Ranged Weapons
 + Level 2.8(7.8) Armour
 - Level 7.3(12.3) Dodging
 - Level 1.2(6.2) Stealth
 + Level 1.3 Invocations


You had 8 spell levels left.
You didn't know any spells.
Your spell library was empty.

Inventory:

Hand Weapons
 b - the +5 sling of Okawaru's Condemnation (weapon) {heavy, ^Fragile rPois Will+++ Dex-2}
   (You found it on level 2 of the Dungeon)

   Dex-2:     It affects your dexterity (-2).
   rPois:     It protects you from poison Will+++: It greatly increases your
   willpower.
   ^Fragile:  It will be destroyed if unequipped.
 o - a +0 orcbow
Armour
 a - +0 acid dragon scales
 d - a +1 helmet (worn)
 i - a +2 scale mail of cold resistance (worn)
 q - a +0 ring mail of fire resistance
Jewellery
 e - the amulet of Vitality (around neck) {RegenMP++ Regen++}
   (You acquired it on level 3 of the Dungeon)

   [amulet of magic regeneration]

   RegenMP:   It increases your rate of magic regeneration.
   Regen++:   It increases your rate of health regeneration.
 g - a +6 ring of dexterity (left hand)
Wands
 p - a wand of roots (11)
Scrolls
 f - 4 scrolls of identify
 h - 2 scrolls of brand weapon
 j - 2 scrolls of enchant weapon
Potions
 c - a potion of curing
 n - a potion of mutation

Dungeon Overview and Level Annotations

Branches:
Dungeon (7/15)             Temple (1/1) D:7

Altars:
Dithmenos
Elyvilon
Fedhas
Gozag
Hepliaklqana
Kikubaaqudgha
Makhleb
Nemelex Xobeh
Okawaru
Qazlal
Ru
Sif Muna
Uskayaw
Vehumet
Wu Jian
Xom
Yredelemnul
The Shining One

Shops:
D:5 [   D:7 ?


Message History

The black bear claws you but does no damage.
The killer bee stings you. The killer bee misses you.
The killer bee closely misses you. The black bear bites you.
The black bear claws you but does no damage.
The black bear closely misses you.
You shoot a sling bullet.
The sling bullet barely misses the killer bee.
The killer bee misses you. x2; The killer bee closely misses you.
The killer bee completely misses you. The killer bee stings you.
The killer bee misses you. The black bear bites you.
The black bear claws you but does no damage.
The black bear completely misses you.
The killer bee stings you but does no damage.
You shoot a sling bullet. The sling bullet hits the killer bee.
You kill the killer bee!
Okawaru accepts your kill.
You can now gain great but temporary skills.
The killer bee barely misses you. The killer bee closely misses you.
The killer bee barely misses you. The killer bee completely misses you.
The black bear bites you. The black bear barely misses you.
The black bear misses you. The killer bee closely misses you. x2
You shoot a sling bullet. The sling bullet hits the black bear!
The black bear is heavily wounded.
The killer bee completely misses you. The killer bee barely misses you.
The killer bee closely misses you. The black bear closely misses you.
The black bear barely misses you.
The black bear claws you but does no damage.
The killer bee stings you but does no damage.
The killer bee barely misses you.
You shoot a sling bullet. The sling bullet hits the black bear.
The black bear is severely wounded.
The killer bee stings you but does no damage.
The killer bee stings you.
The killer bee stings you but does no damage.
The black bear bites you but does no damage.
The black bear claws you. The black bear closely misses you.
The killer bee stings you but does no damage.
The killer bee misses you. The black bear barely misses you.
The black bear claws you.
You die...

.. .y?yy....~# ~~.7
77.~~# #~~.7
77.~~###### #~~.7
77.~~###...# #~~.7
77.~~##.#...#
#~~.777.~~##..#...# #
#~~.7.~~##.>.#...# #
###~y.~~##..###...###
#.##@h~###..##.......
#..##y##............#
#.......#.........#.#
#.......#............
#..........%......##.
#######.####.#.#.###.
##..####.#.#.####
#......#.#....# #
######(.......###


You could see a black bear and 2 killer bees.

Vanquished Creatures
  Joseph (D:7)
  Jeremiah (D:7)
  Prince Ribbit (D:7)
  2 water moccasins
  An acid dragon (D:7)
  3 black bears
  An orc warrior (D:6)
  A centaur (D:7)
  An ogre (D:6)
  A phantom (D:6)
  3 bullfrogs
  5 scorpions
  7 killer bees (D:7)
  3 bombardier beetles (D:4)
  5 hounds
  An orc priest (D:6)
  2 jellies
  3 iguanas
  A sleepcap (D:6)
  Natasha (thrice) (D:4)
  4 orc wizards
  Ijyb (D:5)
  Terence (D:2)
  4 adders
  2 dart slugs
  24 orcs
  5 endoplasms
  3 giant cockroaches
  14 hobgoblins
  7 jackals
  2 quokkas
  8 ball pythons
  3 bats
  3 frilled lizards (D:2)
  6 goblins
  11 kobolds
  4 rats
148 creatures vanquished.

Notes
Turn   | Place    | Note
-------+----------+-------------------------------------------
     0 | D:1      | qw the Deep Elf Hunter began the quest for the Orb.
     0 | D:1      | Reached XP level 1. HP: 12/12 MP: 3/3
     0 | D:1      | 0 ||| qw: Version: 0.3-a-160-g6735b56
     0 | D:1      | 0 ||| qw: Game counter: 4667
     0 | D:1      | 0 ||| qw: Melee chars always use a shield: true
     0 | D:1      | 0 ||| qw: God list: Okawaru
     0 | D:1      | 0 ||| qw: Allow faded altars: false
     0 | D:1      | 0 ||| qw: Do Orc after clearing Dungeon:15 true
     0 | D:1      | 0 ||| qw: Do second Lair branch before Depths: true
     0 | D:1      | 0 ||| qw: Lair rune preference: random
     0 | D:1      | 0 ||| qw: Goals: Normal
     0 | D:1      | 0 ||| PLANNING D:1-11
     3 | D:1      | Noticed an electric eel
     4 | D:1      | Noticed an electric eel
   103 | D:1      | Reached skill level 6 in Ranged Weapons
   103 | D:1      | Reached XP level 2. HP: 15/16 MP: 4/4
   584 | D:1      | Found a faded altar of an unknown god.
   690 | D:1      | 690 ||| UPGRADING to +0 ring mail.
   700 | D:1      | 700 ||| DROPPING +0 leather armour.
   701 | D:1      | 701 ||| UPGRADING to +6 ring of dexterity.
   702 | D:1      | 702 ||| READING scroll labelled DYLYEL UNIA.
   705 | D:1      | 705 ||| READING 3 scrolls labelled IKKOHU HAORIACHE.
   706 | D:1      | 706 ||| DROPPING scroll of butterflies.
   759 | D:2      | Identified the +5 sling of Okawaru's Condemnation {heavy,
                  | ^Fragile rPois Will+++ Dex-2}
   761 | D:2      | 761 ||| SWAPPING to +5 sling of Okawaru's Condemnation
                  | {heavy, ^Fragile rPois Will+++ Dex-2}.
   801 | D:2      | Reached XP level 3. HP: 20/20 MP: 5/5
   809 | D:2      | Noticed Terence
   811 | D:2      | Killed Terence
   812 | D:2      | Reached skill level 7 in Ranged Weapons
  1010 | D:2      | Reached XP level 4. HP: 25/25 MP: 6/6
  1266 | D:2      | 1266 ||| UPGRADING to +0 helmet.
  1271 | D:2      | 1271 ||| READING 2 scrolls of identify.
  1271 | D:2      | 1271 ||| IDENTIFYING sedimented grey potion
  1443 | D:3      | Found a burning altar of Makhleb.
  1450 | D:3      | Found an ornate altar of the Wu Jian Council.
  1730 | D:3      | Reached skill level 8 in Ranged Weapons
  1931 | D:3      | 1931 ||| READING 2 scrolls of identify.
  1931 | D:3      | 1931 ||| IDENTIFYING scroll labelled ETTIFA GASAWK
  1932 | D:3      | 1932 ||| READING scroll of identify.
  1932 | D:3      | 1932 ||| IDENTIFYING scroll labelled GEHUMYBBICI
  1932 | D:3      | Identified a scroll of acquirement
  1933 | D:3      | 1933 ||| READING scroll of acquirement.
  1933 | D:3      | 1933 ||| ACQUIRING amulet of Vitality {RegenMP++ Regen++}
  1933 | D:3      | Acquired the amulet of Vitality {RegenMP++ Regen++}
  1933 | D:3      | Found the amulet of Vitality {RegenMP++ Regen++}
  1935 | D:3      | 1935 ||| UPGRADING to amulet of Vitality {RegenMP++
                  | Regen++}.
  1940 | D:3      | 1940 ||| READING scroll labelled XAALANE ESUZOI.
  1941 | D:3      | 1941 ||| READING scroll labelled REITIUR YNWO.
  1942 | D:3      | 1942 ||| READING scroll labelled DYULIN DAFELYC.
  1943 | D:3      | 1943 ||| READING scroll labelled PESYMA PEFFEX.
  1943 | D:3      | 1943 ||| ENCHANTING +0 shortbow.
  1965 | D:4      | Reached XP level 5. HP: 29/29 MP: 7/7
  2129 | D:4      | Noticed Natasha
  2132 | D:4      | Killed Natasha
  2133 | D:4      | Reached skill level 9 in Ranged Weapons
  2153 | D:4      | Reached skill level 3 in Dodging
  2216 | D:4      | Reached XP level 6. HP: 36/36 MP: 8/8
  2216 | D:4      | Noticed Natasha
  2218 | D:4      | Killed Natasha
  2319 | D:4      | Noticed Natasha
  2321 | D:4      | 2321 ||| FLEEEEING.
  2322 | D:4      | 2322 ||| FLEEEEING.
  2327 | D:4      | Killed Natasha
  2387 | D:4      | 2387 ||| DROPPING amulet of regeneration.
  2405 | D:5      | Entered Level 5 of the Dungeon
  2464 | D:5      | 2464 ||| RETREEEEATING.
  2469 | D:5      | Reached skill level 10 in Ranged Weapons
  2472 | D:5      | Reached skill level 1 in Armour
  2472 | D:5      | Reached XP level 7. HP: 19/40 MP: 9/9
  2753 | D:5      | Noticed Ijyb
  2756 | D:5      | Killed Ijyb
  2901 | D:5      | Reached skill level 11 in Ranged Weapons
  2965 | D:5      | Found Hufuera's Antique Armour Emporium.
  2968 | D:5      | 2968 ||| BUYING runed ring mail (189 gold).
  2968 | D:5      | Bought a runed ring mail for 189 gold pieces
  3363 | D:5      | 3363 ||| UPGRADING to +0 ring mail of fire resistance.
  3373 | D:5      | 3373 ||| DROPPING +0 ring mail.
  3374 | D:5      | 3374 ||| READING 4 scrolls of identify.
  3374 | D:5      | 3374 ||| IDENTIFYING fizzy red potion
  3375 | D:5      | 3375 ||| READING 3 scrolls of identify.
  3375 | D:5      | 3375 ||| IDENTIFYING scroll labelled XOLIBO ZIXZO
  3376 | D:5      | 3376 ||| READING 2 scrolls of identify.
  3376 | D:5      | 3376 ||| IDENTIFYING scroll labelled WUDUAC BUEKALI
  3377 | D:5      | 3377 ||| READING scroll of identify.
  3377 | D:5      | 3377 ||| IDENTIFYING scroll labelled BELUOS VANO
  3378 | D:5      | 3378 ||| READING scroll labelled USAESS VAMU.
  3379 | D:5      | 3379 ||| DROPPING scroll of silence.
  3380 | D:5      | 3380 ||| DROPPING scroll of revelation.
  3381 | D:5      | 3381 ||| DROPPING scroll of fear.
  3530 | D:6      | Reached XP level 8. HP: 45/45 MP: 10/10
  3561 | D:6      | Reached skill level 12 in Ranged Weapons
  3647 | D:6      | Reached skill level 3 in Fighting
  4059 | D:6      | Reached skill level 13 in Ranged Weapons
  4076 | D:6      | 4076 ||| DROPPING +1 shortbow.
  4266 | D:6      | 4266 ||| UPGRADING to +2 scale mail of cold resistance.
  4276 | D:6      | 4276 ||| READING scroll of identify.
  4276 | D:6      | 4276 ||| IDENTIFYING amethyst potion
  4277 | D:6      | 4277 ||| READING scroll labelled UFFETZAMONK.
  4311 | D:7      | Found Joemoik's Magic Scroll Shoppe.
  4317 | D:7      | Noticed Prince Ribbit
  4318 | D:7      | 4318 ||| DRINKING potion of haste.
  4325 | D:7      | Killed Prince Ribbit
  4326 | D:7      | Reached skill level 14 in Ranged Weapons
  4334 | D:7      | 4334 ||| BUYING scroll of enchant armour (82 gold).
  4334 | D:7      | Bought a scroll of enchant armour for 82 gold pieces
  4334 | D:7      | 4334 ||| SHOPLISTING scroll of enchant weapon (82 gold,
                  | have 78).
  4334 | D:7      | 4334 ||| BUYING scroll of identify (22 gold).
  4334 | D:7      | Bought a scroll of identify for 22 gold pieces
  4334 | D:7      | 4334 ||| BUYING scroll of identify (22 gold).
  4334 | D:7      | Bought a scroll of identify for 22 gold pieces
  4334 | D:7      | 4334 ||| BUYING scroll of identify (22 gold).
  4334 | D:7      | Bought a scroll of identify for 22 gold pieces
  4334 | D:7      | 4334 ||| READING scroll of enchant armour.
  4334 | D:7      | 4334 ||| ENCHANTING +0 helmet.
  4374 | D:7      | Reached XP level 9. HP: 50/50 MP: 11/11
  4417 | D:7      | Noticed Jeremiah
  4454 | D:7      | Killed Jeremiah
  4554 | D:7      | Found a staircase to the Ecumenical Temple.
  4555 | D:7      | 4555 ||| PLANNING TEMPLE
  4555 | D:7      | 4555 ||| DROPPING wand of flame (6).
  4563 | Temple   | Entered the Ecumenical Temple
  4564 | Temple   | 4564 ||| PLANNING OKAWARU WORSHIP
  4568 | Temple   | Became a worshipper of Warmaster Okawaru
  4569 | Temple   | 4569 ||| PLANNING D:1-11
  4677 | D:7      | Reached skill level 6 in Dodging
  4720 | D:7      | Noticed Joseph
  4725 | D:7      | Killed Joseph
  4725 | D:7      | Reached * piety under Okawaru
  4816 | D:7      | HP: 2/54 [acid dragon/splash of acid (24)]
  4818 | D:7      | Reached skill level 1 in Invocations
  4871 | D:7      | 4871 ||| RETREEEEATING.
  4879 | D:7      | 4879 ||| RETREEEEATING.
  4880 | D:7      | 4880 ||| RETREEEEATING.
  4881 | D:7      | 4881 ||| RETREEEEATING.
  4882 | D:7      | 4882 ||| RETREEEEATING.
  4883 | D:7      | 4883 ||| RETREEEEATING.
  4884 | D:7      | 4884 ||| RETREEEEATING.
  4885 | D:7      | 4885 ||| INVOKING Heroism.
  4892 | D:7      | HP: 12/54 [killer bee (6)]
  4896 | D:7      | HP: 3/54 [black bear (4)]
  4896 | D:7      | Slain by a black bear

Levels and vault maps discovered:
D:1:      arrival_aquarium_b, layout_loops_ring,
          shapermc_ecumenical_altar_acropolis
D:2:      layout_basic, uniq_terence
D:3:      layout_basic, jmf_multi_god_temple, kennysheep_pointless_box
D:4:      minmay_evil_eye, layout_basic, nrook_mini_backslash,
          minmay_strange_pillars, amethyst_killhole, uniq_natasha
D:5:      nicolae_cairo_tiling, layout_basic, serial_shops,
          nicolae_shop_real_fake_doors, grunt_decor_fettered,
          minmay_diced_spiral, uniq_ijyb
D:6:      layout_cave_pods, minmay_misc_feat_x
D:7:      layout_rooms, minmay_temple_entry_glassed_door, serial_shops, shop,
          kennysheep_diamond, patterned_corridor, uniq_joseph,
          uniq_prince_ribbit1, uniq_jeremiah
Temple:   compressed_dpeg_triangle_lava_temple

Skill      XL: |  1  2  3  4  5  6  7  8  9 |
---------------+----------------------------+-----
Ranged Weapons | 6 7 8 9 10 11 14 | 14.2
Dodging        | 3 4 5 7 |  7.3
Fighting       | 2 3 5 |  5.0
Armour         | 1 2 |  2.8
Invocations    | 1 |  1.3
Stealth        | |  1.2

Action                     |  1- 3 |  4- 6 |  7- 9 || total
---------------------------+-------+-------+-------++-------
   Fire: Shortbow          |    54 |       |       ||    54
         Sling             |    23 |    94 |   203 ||   320
 Invoke: Heroism           |       |       |     1 ||     1
    Use: Scroll            |     2 |     8 |     8 ||    18
         Potion            |       |       |     1 ||     1
 Armour: Leather armour    |     8 |       |       ||     8
         Ring mail         |       |    44 |    30 ||    74
         Scale mail        |       |       |   107 ||   107
  Dodge: Dodged            |     7 |    30 |   162 ||   199

Table legend:
 A = Non-vault XP
 B = Vault XP
 C = Vault XP percentage of total XP
 D = Non-vault monster count
 E = Vault monster count
 F = Vault count percentage of total count
                 A         B        C        D         E       F
            +---------+---------+-------+---------+---------+-------
      Total |    3427 |    1293 |  27.4 |     132 |      16 |  10.8
            +---------+---------+-------+---------+---------+-------
        D:1 |      25 |       0 |   0.0 |      14 |       0 |   0.0
        D:2 |      57 |      32 |  36.0 |      20 |       1 |   4.8
        D:3 |      34 |       3 |   8.1 |      14 |       2 |  12.5
        D:4 |     324 |      44 |  12.0 |      20 |       6 |  23.1
        D:5 |     601 |      78 |  11.5 |      15 |       3 |  16.7
        D:6 |     956 |       0 |   0.0 |      20 |       0 |   0.0
        D:7 |    1430 |    1136 |  44.3 |      29 |       4 |  12.1
            +---------+---------+-------+---------+---------+-------
